 Dungeon Crawl Stone Soup version 0.28-a0-1429-gf3d713df7a (webtiles) character file.

Game seed: 10550904227517088899

4678 HallandMoats the Fighter (level 10, 0/94 HPs)
             Began as a Ghoul Fighter on Jan 8, 2022.
             Was a Follower of Ru.
             Slain by a wyvern (12 damage)
             ... on level 8 of the Dungeon.
             The game lasted 00:14:07 (8894 turns).

HallandMoats the Fighter (Ghoul Fighter)            Turns: 8894, Time: 00:14:08

Health: 0/94       AC: 18    Str: 21    XL:     10   Next: 44%
Magic:  9/9        EV:  9    Int: 10    God:    Ru [*.....]
Gold:   104        SH:  4    Dex: 10    Spells: 9/9 levels left

rFire   . . .      SeeInvis +   k - +8 scimitar of Traps {freeze, Contam Int+5}
rCold   + + .      Faith    .   c - +0 buckler
rNeg    + + +      Spirit   .   g - +6 chain mail of the Griffon {rC+}
rPois   ∞          Reflect  .   x - +0 helmet
rElec   .          Harm     .   (no cloak)
rCorr   .          Rampage  .   (no gloves)
Will    .....                   (no boots)
Stlth   ..........              (no amulet)
HPRegen 0.00/turn               v - ring of see invisible
MPRegen 0.11/turn               (no ring)

@: inhibited regen
A: claws 1, cold resistance 1, negative energy resistance 3, inhibited
regeneration, torment resistance 2, hated by all
a: Renounce Religion


You were on level 8 of the Dungeon.
You worshipped Ru.
Ru was aware of your devotion.
You visited 1 branch of the dungeon, and saw 8 of its levels.

You collected 360 gold pieces.
You spent 256 gold pieces at shops.

Inventory:

Hand Weapons
 a - a +0 flail
 k - the +8 scimitar of Traps (weapon) {freeze, Contam Int+5}
   (You found it on level 2 of the Dungeon)

   It freezes those it strikes, dealing additional cold damage.
   It can also slow down cold-blooded creatures.
   Int:       It affects your intelligence (+5).
   Contam:    It causes magical contamination when unequipped.
Missiles
 C - a throwing net (quivered)
Armour
 c - a +0 buckler (worn)
 g - the +6 chain mail of the Griffon (worn) {rC+}
   (You bought it in a shop on level 7 of the Dungeon)

   rC:        It protects you from cold.
 x - a +0 helmet (worn)
Jewellery
 d - a ring of fire
 e - a ring of wizardry
 v - a ring of see invisible (left claw)
Wands
 t - a wand of flame (24)
 z - a wand of digging (1)
Scrolls
 l - 4 scrolls of identify {unknown}
 m - 3 scrolls of magic mapping {unknown}
 o - a scroll of holy word {unknown}
 r - a scroll of vulnerability {unknown}
 u - 4 scrolls of teleportation {unknown}
 w - a scroll of enchant weapon {unknown}
 y - a scroll of immolation {unknown}
 A - a scroll of acquirement {unknown}
 B - 2 scrolls of amnesia {unknown}
 D - 2 scrolls of brand weapon {unknown}
Potions
 f - a potion of lignification {unknown}
 h - a potion of haste {unknown}
 i - 4 potions of flight {unknown}
 j - 4 potions of cancellation {unknown}
 n - a potion of berserk rage {unknown}
 p - 6 potions of mutation {unknown}
 q - 2 potions of degeneration {unknown}
 s - 2 potions of brilliance {unknown}


   Skills:
 + Level 10.7 Fighting
 - Level 2.4 Maces & Flails
 + Level 7.5 Armour
 + Level 6.9 Dodging
 - Level 4.7 Shields


You had 9 spell levels left.
You didn't know any spells.
Your spell library contained the following spells:

 Spells                   Type           Power      Damage    Failure   Level
 Magic Dart               Conj           0%         1d3       98%         1
 Searing Ray              Conj           0%         2d4       99%         2
 Fulminant Prism          Conj/Hex       0%         3d6       100%        4
 Alistair's Intoxication  Tmut/Pois      0%         N/A       100%        5
 Borgnjor's Vile Clutch   Necr/Erth      0%         N/A       100%        5
 Eringya's Noxious Bog    Tmut/Pois      0%         N/A       100%        6


Dungeon Overview and Level Annotations

Branches:
Dungeon (8/15)             Temple (0/1) D:5
   Lair: D:8-11

Altars:
Dithmenos
Elyvilon
Fedhas
Gozag
Hepliaklqana
Nemelex Xobeh
Ru
Yredelemnul
Zin
The Shining One
Beogh

Shops:
D:2 (   D:7 [(*


Innate Abilities, Weirdness & Mutations

You thrive by killing the living.
You are immune to poison.
You have sharp fingernails.
Your flesh is cold resistant. (rC+)
You are immune to negative energy. (rN+++)
You do not regenerate when monsters are visible.
You are immune to unholy pain and torment.
You are hated by all.


Message History

You closely miss the iguana.
The wyvern bites you but does no damage.
The iguana bites you!
The wyvern bites you but does no damage.
The iguana is stunned by your conviction and fails to attack.
You slice the iguana!! You freeze the iguana!
You kill the iguana!
You feel better. The wyvern bites you!
* * * LOW HITPOINT WARNING * * *
The wyvern completely misses you. The iguana barely misses you.
You slash the iguana!
The iguana seems to slow down.
You freeze the iguana.
The iguana is heavily wounded.
The iguana is no longer moving slowly.
The wyvern bites you but does no damage. x2
The iguana bites you but does no damage.
You slice the iguana!! You freeze the iguana.
You kill the iguana!
You feel better. The wyvern barely misses you. The wyvern bites you.
* * * LOW HITPOINT WARNING * * *
The wyvern barely misses you.
Found a scroll labelled XEN MAGHOBYDGH.
Things that are here:
an iguana corpse; a basilisk corpse; a water moccasin corpse You hit the wyvern but do no damage.
The wyvern is moderately wounded.
The wyvern barely misses you.
The wyvern bites you but does no damage.
You closely miss the wyvern.
The wyvern is lightly wounded.
The wyvern bites you!
* * * LOW HITPOINT WARNING * * *
The wyvern bites you.
* * * LOW HITPOINT WARNING * * *
You slash the wyvern! You freeze the wyvern.
The wyvern is severely wounded.
The wyvern bites you but does no damage. x2
You closely miss the wyvern.
The wyvern is severely wounded.
The wyvern bites you!
You die... .....P......P.. ...........?.. ....Pl......# .PP........# . #...Pl.l..# #####. # #. ♣PlPl.#

##..... .######. #.h##
......#.........#####...## .
##.##.#...####..@lh(....<#.#
##...... ....#..###........#
...##.##..## #..###..........
##........##......#........##
......###.....?.#.#......#...
#####...# ####.##.#.#...#####
## ###.# #......##### .# #.#
####.### .# ###.#########.#


You could see a black bear and a wyvern.

Vanquished Creatures
  A troll (D:7)
  The ghost of zap2161 the Blocker, an amateur GnWn of the Shining One (D:3)
  2 wyverns (D:8)
  A basilisk (D:8)
  A steam dragon (D:6)
  5 water moccasins
  2 black bears
  An ice beast (D:6)
  3 ogres
  2 wolves (D:8)
  3 necrophages
  A centaur (D:7)
  4 kobold brigands
  A bullfrog (D:6)
  A gnoll sergeant (D:7)
  A wyvern zombie (D:8)
  2 scorpions
  A wyvern skeleton (D:7)
  14 killer bees
  A jelly (D:5)
  A bullfrog zombie (D:7)
  3 gnoll shamans
  3 orc priests (D:7)
  A bullfrog skeleton (D:6)
  Ijyb (D:4)
  4 iguanas
  A howler monkey zombie (D:5)
  Robin (D:4)
  23 gnolls
  A howler monkey skeleton (D:5)
  9 adders
  2 shadow imps
  A white imp (D:3)
  An ufetubus (D:7)
  An adder skeleton (D:4)
  A worm (D:2)
  2 dart slugs
  10 orcs
  7 bats
  8 endoplasms
  4 giant cockroaches
  13 goblins
  13 hobgoblins
  4 quokkas
  5 ball pythons
  A frilled lizard (D:3)
  4 goblin zombies (D:3)
  A hobgoblin zombie (D:3)
  25 kobolds
  A kobold skeleton (D:3)
  2 kobold zombies (D:3)
  An orc skeleton (D:3)
  2 orc zombies (D:3)
  10 rats
215 creatures vanquished.

Vanquished Creatures (others)
  A howler monkey (D:5)
  A bush (D:8)
  5 fungi
  8 plants
15 creatures vanquished.

Grand Total: 230 creatures vanquished

Notes
Turn   | Place    | Note
-------+----------+-------------------------------------------
     0 | D:1      | HallandMoats the Ghoul Fighter began the quest for the Orb.
     0 | D:1      | Reached XP level 1. HP: 19/19 MP: 0/0
    97 | D:1      | Reached XP level 2. HP: 26/26 MP: 1/1
   617 | D:1      | Reached XP level 3. HP: 28/31 MP: 2/2
  1136 | D:2      | Found Nijudobb's Antique Weapon Emporium.
  1272 | D:2      | Reached skill level 1 in Dodging
  1272 | D:2      | Reached XP level 4. HP: 36/40 MP: 3/3
  1314 | D:2      | Identified the +8 scimitar of Traps {freeze, Contam Int+5}
  1857 | D:2      | Reached XP level 5. HP: 46/46 MP: 4/4
  2031 | D:2      | Found a faded altar of an unknown god.
  2070 | D:2      | Prayed at the altar of an unknown god.
  2070 | D:2      | Became a worshipper of Ru the Awakened
  2074 | D:2      | Gained mutation: You are hated by all. [Ru sacrifice]
  2074 | D:2      | Reached * piety under Ru
  2281 | D:3      | Found a runed translucent gate.
  2282 | D:3      | Found a runed translucent gate.
  2282 | D:3      | Found a runed translucent gate.
  2282 | D:3      | Noticed zap2161's ghost (amateur GnWn)
  2284 | D:3      | Noticed a kobold brigand
  2537 | D:3      | Reached skill level 4 in Fighting
  2554 | D:3      | Found a sparkling altar of Nemelex Xobeh.
  3180 | D:3      | Killed zap2161's ghost
  3181 | D:3      | Reached XP level 6. HP: 34/53 MP: 5/5
  3188 | D:3      | Reached XP level 7. HP: 32/60 MP: 6/6
  3373 | D:4      | Noticed Ijyb
  3380 | D:4      | Killed Ijyb
  3381 | D:4      | Reached skill level 5 in Fighting
  3744 | D:4      | Noticed Robin
  3749 | D:4      | Killed Robin
  4563 | D:5      | Entered Level 5 of the Dungeon
  4594 | D:5      | Reached skill level 6 in Fighting
  4594 | D:5      | Reached XP level 8. HP: 53/70 MP: 7/7
  4720 | D:5      | Reached skill level 7 in Fighting
  5099 | D:5      | Reached skill level 5 in Armour
  5178 | D:5      | Found a staircase to the Ecumenical Temple.
  5324 | D:5      | Found an opulent altar of Gozag.
  5805 | D:6      | Reached skill level 8 in Fighting
  5820 | D:6      | Reached XP level 9. HP: 36/82 MP: 8/8
  6317 | D:6      | Reached skill level 5 in Dodging
  6423 | D:6      | Reached skill level 9 in Fighting
  6569 | D:6      | Found a shadowy altar of Dithmenos.
  7176 | D:7      | Noticed a troll
  7186 | D:7      | Killed a troll
  7189 | D:7      | Found Qoaxut's Weapon Shop.
  7192 | D:7      | HP: 4/84 [killer bee (3)]
  7987 | D:7      | Reached skill level 10 in Fighting
  7987 | D:7      | Reached XP level 10. HP: 74/93 MP: 9/9
  8222 | D:7      | Found Noaqulop's Assorted Antiques.
  8226 | D:7      | Bought a fading chain mail for 256 gold pieces
  8226 | D:7      | Identified the +6 chain mail of the Griffon {rC+} (You
                  | bought it in a shop on level 7 of the Dungeon)
  8449 | D:7      | Found Fokkiqyxao's Armour Emporium.
  8894 | D:8      | Slain by a wyvern

Illustrated notes

Levels and vault maps discovered:
D:1:      lightli_molten_gateway, layout_loops_ring
D:2:      minmay_recursive_quarters, layout_basic,
          shapermc_ecumenical_altar_flowoftime, serial_shops,
          nicolae_lakefront_shop, minmay_tall_x
D:3:      layout_loops_corners, mainiacjoe_overflow_boulevard,
          nicolae_tso_besieged_by_evil, gammafunk_ghost_nasty_kobolds,
          fountainhead
D:4:      layout_layer_cave, nicolae_overflow_crystal_walls, uniq_ijyb,
          uniq_robin
D:5:      layout_gridville, pdpol_temple_overflow_zin_treasury_gozag_greed,
          temple_statues, kennysheep_generic_room_12
D:6:      layout_basic, gammafunk_temple_overflow_claw,
          hangedman_abyss_or_decor_stabs
D:7:      layout_loops_cross, mainiacjoe_overflow_small_starburst, serial_shops,
          kennysheep_little_box, nicolae_shop_trees, shop,
          david_defended_altar_orc
D:8:      layout_loops_cross, minmay_lair_entry_grove, supply_closet_lemuel

Skill      XL: |  1  2  3  4  5  6  7  8  9 10 |
---------------+-------------------------------+-----
Shields        | 3 4 |  4.7
Maces & Flails | 2 |  2.4
Armour         | 3 4 5 6 7 |  7.5
Dodging        | 1 2 3 4 6 |  6.9
Fighting       | 4 6 8 10 | 10.7

Action                   |  1- 3 |  4- 6 |  7- 9 | 10-12 || total
-------------------------+-------+-------+-------+-------++-------
Melee: Flail             |   112 |    27 |       |       ||   139
       Scimitar          |       |    89 |   223 |    85 ||   397
Invok: Sacrifice Love    |       |     1 |       |       ||     1
       Reject Sacrifices |       |       |     1 |       ||     1
  Use: Potion            |       |     1 |     5 |       ||     6
Armor: Scale mail        |    60 |    59 |   105 |     6 ||   230
       Chain mail        |       |       |       |    78 ||    78
Dodge: Dodged            |    45 |    54 |   177 |    70 ||   346
Block: Buckler           |    17 |    21 |    77 |    26 ||   141

Table legend: (Time is in decaauts)
 A = Elapsed time spent in this place.
 B = Non-inter-level travel time spent in this place.
 C = Inter-level travel time spent in this place.
 D = Time resting spent in this place.
 E = Time spent auto-exploring this place.
 F = Levels seen in this place.
 G = Mean time per level.
                   A        B        C        D        E       F      G
               +--------+--------+--------+--------+--------+-----+--------+
         Total |   9120 |   8812 |    308 |    895 |   6522 |   8 | 1140.0 |
       Dungeon |   9120 |   8812 |    308 |    895 |   6522 |   8 | 1140.0 |
               +--------+--------+--------+--------+--------+-----+--------+

Top non-repeatable levels by time:
     D:6: 1685 daAuts
     D:4: 1279 daAuts
     D:5: 1258 daAuts
     D:2: 1216 daAuts
     D:7: 1214 daAuts
     D:3: 1166 daAuts
     D:1: 1004 daAuts
     D:8: 294 daAuts
